 Dungeon Crawl Stone Soup version 0.29.1-13-g9f3cf754e1 (webtiles) character file.

Game seed: 12228672627383357644

16 wolfrpgdude the Shield-Bearer (level 2, -2/24 HPs)
             Began as a Human Fighter on Feb 4, 2023.
             Frozen to death by an endoplasm (4 damage)
             ... on level 1 of the Dungeon.
             The game lasted 00:00:24 (146 turns).

wolfrpgdude the Shield-Bearer (Human Fighter)        Turns: 146, Time: 00:00:27

Health: -2/24      AC:  6    Str: 16    XL:     2   Next: 75%
Magic:  2/2        EV:  8    Int:  8    God:
Gold:   0          SH:  4    Dex: 12    Spells: 1/1 levels left

rFire   . . .      SeeInvis .   a - +0 long sword
rCold   . . .      Faith    .   c - +0 buckler
rNeg    . . .      Spirit   .   b - +0 scale mail
rPois   .          Reflect  .   (no helmet)
rElec   .          Harm     .   (no cloak)
rCorr   +          Rampage  .   (no gloves)
Will    .....                   (no boots)
Stlth   ..........              (no amulet)
HPRegen 0.08/turn               f - ring of resist corrosion
MPRegen 0.08/turn               (no ring)

@: no status effects
A: no striking features
a: no special abilities


You were on level 1 of the Dungeon.
You visited 1 branch of the dungeon, and saw 1 of its levels.

Inventory:

Hand Weapons
 a - a +0 long sword (weapon)
Armour
 b - a +0 scale mail (worn)
 c - a +0 buckler (worn)
Jewellery
 f - a ring of resist corrosion (left hand)
Scrolls
 e - a scroll of fog {unknown}
Potions
 d - a potion of might
 g - a potion of degeneration {unknown}


   Skills:
 + Level 3.2 Fighting
 + Level 2.1 Long Blades
 + Level 3.2 Armour
 + Level 3.3 Shields


You had one spell level left.
You didn't know any spells.
Your spell library was empty.

Dungeon Overview and Level Annotations

Branches:
Dungeon (1/15)

Altars:


Message History

You are too injured to fight recklessly!
You hit the hobgoblin.
The hobgoblin is heavily wounded.
The hobgoblin hits you but does no damage.
The rat bites you but does no damage. x2
You closely miss the hobgoblin.
The hobgoblin is heavily wounded.
The hobgoblin hits you but does no damage.
The rat completely misses you. The rat bites you but does no damage.
You barely miss the hobgoblin.
The hobgoblin is heavily wounded.
The hobgoblin barely misses you. You block the rat's attack.
The rat bites you but does no damage. The rat barely misses you.
The hobgoblin hits you but does no damage.
The rat bites you but does no damage.
You hit the hobgoblin.
The hobgoblin is almost dead.
You block the hobgoblin's attack. The rat misses you.
The rat closely misses you.
You hit the rat.
You kill the rat!
You block the hobgoblin's attack. The rat bites you.
You hit the hobgoblin.
You kill the hobgoblin!
The rat completely misses you. The rat bites you.
The endoplasm hits you but does no damage.
You hit the endoplasm.
The endoplasm is heavily wounded.
The rat bites you.
* * * LOW HITPOINT WARNING * * *
The endoplasm freezes you.
You are frozen.
* * * LOW HITPOINT WARNING * * *
You hit the endoplasm but do no damage.
The endoplasm is heavily wounded.
The rat bites you.
* * * LOW HITPOINT WARNING * * *
The endoplasm freezes you.
You are frozen.
You die...

.#..###......... ...#
.............$.. .....
..?............ ...#.##
##..##.........
.......###........).....
.#...#..##......).......
.............#..........
.#....rJ..........####.#
.......@......)...### .#
...#..†........#.....#.#
..................#...
#.###.........)#.......
. #..................
#...........#......
##................
................
..........#..# .


You could see an endoplasm and a rat.

Vanquished Creatures
  2 goblins (D:1)
  4 hobgoblins (D:1)
  3 ball pythons (D:1)
  A bat (D:1)
  3 kobolds (D:1)
  2 rats (D:1)
15 creatures vanquished.

Notes
Turn   | Place    | Note
-------+----------+-------------------------------------------
     0 | D:1      | wolfrpgdude the Human Fighter began the quest for the Orb.
     0 | D:1      | Reached XP level 1. HP: 18/18 MP: 1/1
    71 | D:1      | Reached XP level 2. HP: 20/24 MP: 2/2
   146 | D:1      | Frozen to death by an endoplasm

Illustrated notes

Levels and vault maps discovered:
D:1:      scummos_arrival_forest, layout_rooms, st_stairs_2

Action                   || total
-------------------------++-------
Melee: Long sword        ||    39
Armor: Scale mail        ||    33
Dodge: Dodged            ||    26
Block: Buckler           ||     9
